 Dungeon Crawl Stone Soup version 0.22.1-1-ga44c0e56f4 (webtiles) character file.

324 Ramireus the Insei (level 6, -1/38 HPs)
             Began as an Octopode Transmuter on Sept 24, 2018.
             Was a Believer of Fedhas.
             Slain by a sky beast (6 damage)
             ... on level 5 of the Dungeon.
             The game lasted 00:19:24 (3227 turns).

Ramireus the Insei (Octopode Transmuter)            Turns: 3227, Time: 00:19:54

Health: -1/38      AC:  2    Str:  9    XL:     6   Next: 48%
Magic:  4/10       EV: 21    Int: 19    God:    Fedhas [**....]
Gold:   187        SH:  0    Dex: 23    Spells: 4/10 levels left

rFire    . . .     SeeInvis .     - Unarmed
rCold    . . .     Gourm    .   (shield currently unavailable)
rNeg     . . .     Faith    .   (helmet currently unavailable)
rPois    x         Spirit   .   (no amulet)
rElec    .         Reflect  .   o - +3 ring of intelligence
rCorr    .         Harm     .   u - +4 ring of dexterity
MR       .....                  (no ring)
Stlth    ++........             (no ring)
HPRegen  0.12/turn              (no ring)
MPRegen  0.12/turn              (no ring)
                                (no ring)
                                (no ring)

@: spider-form, very slightly contaminated
A: tiny, almost no armour, stealthy swim, (amphibious), 8 rings, (constrict 8)
a: End Transformation, Fungal Bloom, Sunlight, Evolution, Renounce Religion


You were on level 5 of the Dungeon.
You worshipped Fedhas.
Fedhas was pleased with you.
You were not hungry.
You were a venomous arachnid creature.
You visited 1 branch of the dungeon, and saw 5 of its levels.

You collected 187 gold pieces.

Inventory:

Missiles
 a - 103 arrows
Jewellery
 o - a +3 ring of intelligence (left front leg)
 u - a +4 ring of dexterity (right front leg)
Scrolls
 b - 5 scrolls of remove curse {unknown}
 e - a scroll of teleportation {unknown}
 i - 3 scrolls of blinking {unknown}
 l - 2 scrolls of amnesia {unknown}
 p - a scroll of identify {unknown}
 q - a scroll of immolation {unknown}
 r - a scroll of enchant weapon {unknown}
 s - a scroll of fear {unknown}
 t - a scroll of enchant armour {unknown}
Potions
 d - a potion of heal wounds {unknown}
 f - 4 potions of curing {unknown}
 g - 2 potions of lignification {unknown}
 h - a potion of mutation {unknown}
 j - 4 potions of haste {unknown}
 k - a potion of magic {unknown}
 m - 2 potions of degeneration {unknown}
 n - a potion of invisibility {unknown}
Comestibles
 c - 7 rations


   Skills:
 + Level 1.2 Fighting
 * Level 2.8 Dodging
 * Level 4.9 Unarmed Combat
 + Level 2.7 Spellcasting
 * Level 3.8 Transmutations
 * Level 2.0 Poison Magic


You had 4 spell levels left.
You knew the following spells:

 Your Spells              Type           Power        Failure   Level  Hunger
a - Beastly Appendage     Tmut           ###...       11%         1    None
b - Sticks to Snakes      Tmut           ###.....     14%         2    ##.....
c - Spider Form           Tmut/Pois      ##........   32%         3    ###....

Your spell library contained the following spells:

 Spells                   Type           Power        Failure   Level  Hunger
 Ice Form                 Ice/Tmut       #.......     77%         4    ####...
 Blade Hands              Tmut           ###.......   83%         5    ######.


Dungeon Overview and Level Annotations

Branches:
Dungeon (5/15)
 Temple: D:4-7

Altars:
Ashenzari
Fedhas
Gozag
Makhleb
Sif Muna
Uskayaw

Annotations:
D:2 Sigmund


Innate Abilities, Weirdness & Mutations

You cannot wear most types of armour.
You are very stealthy in the water. (Stealth+)
((You are amphibious.))
You can wear up to eight rings at the same time.
((You can use your tentacles to constrict eight enemies at once.))
((Your skin changes colour to match your surroundings (Stealth+).))
((Your rubbery body absorbs attacks. (AC +1, EV +1)))


Message History

You hit something but do no damage. Something barely misses you.
Your ball python closely misses something.
You miss something.
Your ball python closely misses something.
Something hits you. Something shocks you.
You completely miss something.
Your ball python barely misses something.
A sky beast appears from thin air!
Reactivating autopickup.
The sky beast hits you. The sky beast shocks you.
* * * LOW HITPOINT WARNING * * *
You hit the sky beast.
The sky beast looks as sick as possible!
The sky beast is lightly wounded.
Your ball python closely misses the sky beast.
The sky beast hits you.
* * * LOW HITPOINT WARNING * * *
The sky beast shocks you.
You die...
Fedhas appreciates your contribution to the ecosystem.

######### ≈≈♣
..#.....# .≈≈≈
.....#.######...≈≈
#.#....[.........
#.#)#.###.###...
#.....# #<#
#..#..### #.# ##.#
#.# #s## #.# #Y##
#.# #S #.# #. #.#
.. #.# #. ##


You could see a sky beast and a friendly ball python.

Vanquished Creatures
  A howler monkey (D:4)
  A hound (D:4)
  A centaur skeleton (D:3)
  Jessica (D:2)
  An iguana (D:4)
  A hound skeleton (D:4)
  A howler monkey zombie (D:2)
  6 adders
  3 oozes
  2 adder skeletons (D:4)
  2 worms
  5 leopard geckos
  2 orcs
  2 giant cockroaches
  7 goblins
  9 hobgoblins
  6 jackals
  A quokka (D:4)
  2 ball pythons (D:1)
  4 bats
  2 frilled lizards
  10 kobolds
  A quokka skeleton (D:4)
  6 rats
77 creatures vanquished.

Vanquished Creatures (others)
  21 toadstools
21 creatures vanquished.

Grand Total: 98 creatures vanquished

Notes
Turn   | Place    | Note
-------+----------+-------------------------------------------
     0 | D:1      | Ramireus the Octopode Transmuter began the quest for the
                  | Orb.
     0 | D:1      | Reached XP level 1. HP: 13/13 MP: 3/3
   217 | D:1      | Reached XP level 2. HP: 18/18 MP: 3/5
   221 | D:1      | Learned a level 2 spell: Sticks to Snakes
   320 | D:1      | Reached XP level 3. HP: 16/23 MP: 6/6
   786 | D:1      | Learned a level 3 spell: Spider Form
   850 | D:2      | Reached skill level 4 in Unarmed Combat
   898 | D:2      | Noticed Jessica
   904 | D:2      | Killed Jessica
   904 | D:2      | Reached skill level 1 in Poison Magic
   904 | D:2      | Reached XP level 4. HP: 28/28 MP: 7/7
   946 | D:2      | Found a deep blue altar of Sif Muna.
   946 | D:2      | Found a burning altar of Makhleb.
   953 | D:2      | Found a hide-covered altar of Uskayaw.
   955 | D:2      | Found a faded altar of an unknown god.
   957 | D:2      | Found a shattered altar of Ashenzari.
  1051 | D:2      | Became a worshipper of Fedhas Madash
  1051 | D:2      | Reached * piety under Fedhas
  1195 | D:2      | Noticed Sigmund
  1476 | D:2      | Reached XP level 5. HP: 24/33 MP: 6/8
  1558 | D:3      | Found an opulent altar of Gozag.
  2514 | D:4      | Reached XP level 6. HP: 30/38 MP: 6/9
  2520 | D:4      | Reached ** piety under Fedhas
  3208 | D:5      | Entered Level 5 of the Dungeon
  3217 | D:5      | Noticed a sky beast
  3227 | D:5      | Slain by a sky beast

Skill      XL: |  1  2  3  4  5  6 |
---------------+-------------------+-----
Unarmed Combat | 4 |  4.9
Poison Magic   | 1 2 |  2.0
Transmutations | 3 |  3.8
Fighting       | |  1.2
Dodging        | |  2.8
Spellcasting   | |  2.7

Action                   |  1- 3 |  4- 6 || total
-------------------------+-------+-------++-------
Melee: Unarmed           |    52 |   120 ||   172
       Constrict         |    17 |    20 ||    37
       Tentacles         |    14 |    10 ||    24
       Kick              |    14 |    13 ||    27
       Punch             |       |     1 ||     1
 Cast: Beastly Appendage |    13 |    17 ||    30
       Spider Form       |       |    11 ||    11
       Sticks to Snakes  |       |     2 ||     2
Invok: Fungal Bloom      |       |    15 ||    15
 Stab: Sleeping          |     1 |     8 ||     9
  Eat: Chunk             |       |    10 ||    10
Armor: Skin              |     5 |     6 ||    11
Dodge: Dodged            |    29 |    66 ||    95
